 Dungeon Crawl Stone Soup version 0.24.0-123-gd5b16e6ec5 (webtiles) character file.

Game seed: 6790159200893985922, levelgen mode: deterministic

23141 LordRappington the Severer (level 12, 0/107 HPs)
             Began as a Minotaur Berserker on Jan 17, 2020.
             Was a High Priest of Trog.
             Slain by a white ugly thing (7 damage)
             ... in an ice cave.
             The game lasted 00:44:59 (11166 turns).

LordRappington the Severer (Minotaur Berserker)    Turns: 11166, Time: 00:44:59

Health: 0/107      AC: 20    Str: 29    XL:     12   Next: 69%
Magic:  11/11      EV: 10    Int:  8    God:    Trog [*****.]
Gold:   899        SH:  5    Dex:  9    Spells: 11/11 levels left

rFire    . . .     SeeInvis .   z - +0 war axe
rCold    . . .     Gourm    .   h - +3 buckler
rNeg     . . .     Faith    .   D - +0 plate armour
rPois    .         Spirit   .   (helmet restricted)
rElec    .         Reflect  .   J - scarf {repulsion}
rCorr    .         Harm     .   S - +2 pair of gloves {Str+3}
MR       .....                  (no boots)
Stlth    ..........             H - amulet of regeneration
HPRegen  0.67/turn              O - +2 ring of strength
MPRegen  0.12/turn              y - +2 ring of evasion

@: berserk cooldown, flying, slowed, repel missiles, very slow
A: retaliatory headbutt, horns 2
a: Berserk, Trog's Hand, Brothers in Arms, Renounce Religion


You were in an ice cave.
You worshipped Trog.
Trog was extremely pleased with you.
You were near starving.

You visited 2 branches of the dungeon, and saw 14 of its levels.
You also visited: Ice Cave.

You collected 899 gold pieces.

Inventory:

Hand Weapons
 a - a +4 scythe of flaming
 j - a +2 scimitar of flaming
 z - a +0 war axe (weapon)
 G - the +4 great mace of Disharmony {vamp, +Fly rF+ Str+5, unknown}
   (You found it on level 7 of the Dungeon)

   It inflicts no extra harm, but heals its wielder when it wounds a living foe.
   It affects your strength (+5).
   It protects you from fire.
   It lets you fly.
 N - a +2 antimagic battleaxe
 T - a +3 battleaxe
 U - a +3 executioner's axe of draining
Missiles
 m - 56 poisoned darts (quivered)
 w - 6 datura-tipped darts
 A - 5 javelins
Armour
 h - a +3 buckler (worn)
 D - a +0 plate armour (worn)
 J - a scarf of repulsion (worn)
 S - a +2 pair of gloves of strength (worn)
 W - a scarf of repulsion
Jewellery
 r - an uncursed ring of protection from cold
 y - a +2 ring of evasion (right hand)
 H - an amulet of regeneration (around neck)
 O - a +2 ring of strength (left hand)
Wands
 d - a wand of scattershot (4)
 l - a wand of polymorph (9)
 q - a wand of random effects (26)
 u - a wand of enslavement (6)
 x - a wand of acid (17)
 B - a wand of flame (30)
 E - a wand of iceblast (20)
 L - a wand of disintegration (31)
Scrolls
 e - 12 scrolls of teleportation
 k - a scroll of blinking
 p - 2 scrolls of enchant armour
 v - 4 scrolls of remove curse
 C - 2 scrolls of identify
 I - a scroll of enchant weapon
 K - a scroll of fear
 P - a scroll of summoning {unknown}
Potions
 b - 2 potions of brilliance
 f - 5 potions of curing
 g - a potion of invisibility {unknown}
 n - a potion of flight
 o - 3 potions of agility
 s - 4 potions of resistance {unknown}
 t - 2 potions of magic {unknown}
 F - a potion of mutation {unknown}
 M - a potion of lignification {unknown}
 Q - 2 potions of might
 R - a potion of haste {unknown}
 V - a potion of ambrosia {unknown}
Comestibles
 c - 23 rations
 i - 5 chunks of flesh


   Skills:
 * Level 10.3 Fighting
 + Level 17.5 Axes
 + Level 14.6 Armour
 - Level 2.1 Dodging


You had 11 spell levels left.
You didn't know any spells.
Your spell library was empty.

Dungeon Overview and Level Annotations

Branches:
Dungeon (13/15)            Temple (1/1) D:4            Lair (0/6) D:9
    Orc (0/2) D:9           IceCv (1/1)
 Vaults: D:13-14

Altars:
Ashenzari
Cheibriados
Dithmenos
Elyvilon
Fedhas
Gozag
Hepliaklqana
Kikubaaqudgha
Makhleb
Nemelex Xobeh
Okawaru
Qazlal
Ru
Sif Muna
Trog
Uskayaw
Vehumet
Wu Jian
Xom
Yredelemnul
Zin
The Shining One
Beogh

Shops:
D:7 }   D:9 }   D:10 !}%

Annotations:
D:4 2 transporters
D:11 exclusion: ice statue IceCv exclusion: 2 ice statues


Innate Abilities, Weirdness & Mutations

You reflexively headbutt those who attack you in melee.
You have a pair of horns on your head.


Message History

The white ugly thing punches you but does no damage.
The ice statue glitters chillingly in the dim dungeon light.
The ice statue gestures.
The white ugly thing is engulfed in freezing vapours.
The white ugly thing punches you. The white ugly thing freezes you!!
You are engulfed in freezing vapours.
* * * LOW HITPOINT WARNING * * *
The ice statue gestures.
The ice statue gestures at you. The freezing blast engulfs you!
* * * LOW HITPOINT WARNING * * *
The white ugly thing is engulfed in freezing vapours.
Your cyclops is engulfed in freezing vapours.
The ice statue gestures.
Really walk into that cloud of freezing vapour?
Okay, then.
You feel very buoyant.
You fly up into the air.
The white ugly thing is engulfed in freezing vapours.
The white ugly thing punches you!
You die...

#######
##☼☼○..##
##.§○○§☼.##
##..§C@°...##
#....°u°....#
#....°.°....#
#...........#
#..Y..Y.......#
#....8.Y.8....#
#....../......#
##....[.%....##
#...8.".8...#


You could see 2 ice statues, a white ugly thing, 3 ice beasts and a friendly
cyclops (berserk).

Vanquished Creatures
  Erica (D:9)
  A centaur warrior (D:10)
  A tengu warrior (D:10)
  4 two-headed ogres
  2 unseen horrors
  6 ugly things
  4 cyclopes
  2 gargoyles (D:10)
  2 rime drakes (D:13)
  A komodo dragon (D:9)
  3 trolls
  2 hornets
  4 hippogriffs
  Prince Ribbit (D:6)
  5 slime creatures (D:12)
  Sigmund (D:6)
  A wraith (D:13)
  A shadow (D:12)
  2 wyverns (D:12)
  A basilisk (D:13)
  4 hogs (D:11)
  A human (D:11)
  A steam dragon (D:7)
  5 hungry ghosts
  2 vampire mosquitoes (D:12)
  An acid dragon (D:10)
  10 ice beasts
  3 orc warriors
  4 sky beasts
  2 eyes of draining
  3 phantoms (D:8)
  3 black bears
  A necrophage (D:5)
  11 ogres
  9 centaurs
  2 big kobolds (D:12)
  10 bullfrogs
  A wyvern zombie (D:8)
  A wyvern skeleton (D:7)
  7 scorpions
  5 wights (D:13)
  3 howler monkeys
  6 crimson imps
  3 bullfrog zombies
  A centaur zombie (D:7)
  3 centaur skeletons
  6 hounds
  A bullfrog skeleton (D:10)
  9 orc priests
  2 jellies
  2 iguanas
  7 orc wizards
  10 worker ants
  2 hound skeletons
  5 worker ant zombies
  Robin (D:2)
  A howler monkey skeleton (D:4)
  12 adders
  3 gnolls (D:7)
  5 shadow imps
  4 worms
  A dart slug (D:3)
  7 leopard geckos
  38 orcs
  9 bats
  5 giant cockroaches
  17 goblins
  16 hobgoblins
  3 jackals (D:3)
  21 kobolds
  A quokka (D:4)
  A ball python skeleton (D:5)
  4 frilled lizards
  A jackal skeleton (D:7)
  A quokka skeleton (D:4)
  10 rats
352 creatures vanquished.

Vanquished Creatures (collateral kills)
  A hound (D:10)
1 creature vanquished.

Vanquished Creatures (others)
  A minotaur (D:1)
  A draconian (D:1)
  An octopode (D:1)
  2 vine stalkers (D:1)
  A gargoyle (D:1)
  A troll (D:1)
  An ogre (D:1)
  2 centaurs (D:1)
  A mummy (D:1)
  2 orcs (D:1)
  2 kobolds (D:1)
  A plant (D:9)
  9 tentacles (D:1)
25 creatures vanquished.

Grand Total: 378 creatures vanquished

Notes
Turn   | Place    | Note
-------+----------+-------------------------------------------
     0 | D:1      | LordRappington the Minotaur Berserker began the quest for
                  | the Orb.
     0 | D:1      | Reached XP level 1. HP: 19/19 MP: 0/0
     2 | D:1      | Noticed an octopode
     2 | D:1      | Noticed an ogre
     2 | D:1      | Noticed a vine stalker
     2 | D:1      | Noticed a vine stalker
     2 | D:1      | Noticed a troll
     2 | D:1      | Noticed a kraken
     2 | D:1      | Noticed a draconian
     2 | D:1      | Noticed a minotaur
     2 | D:1      | Noticed a centaur
     2 | D:1      | Noticed a gargoyle
     2 | D:1      | Noticed a centaur
     3 | D:1      | Killed a troll
     8 | D:1      | Killed a draconian
     9 | D:1      | Killed a gargoyle
    11 | D:1      | Killed an octopode
    12 | D:1      | Killed an ogre
    12 | D:1      | Killed a centaur
    16 | D:1      | Killed a vine stalker
    16 | D:1      | Killed a vine stalker
    17 | D:1      | Killed a centaur
    19 | D:1      | Killed a minotaur
    39 | D:1      | Reached skill level 4 in Axes
    94 | D:1      | Reached XP level 2. HP: 22/26 MP: 1/1
   178 | D:1      | Reached ** piety under Trog
   290 | D:1      | Reached skill level 5 in Axes
   553 | D:1      | Reached XP level 3. HP: 31/31 MP: 2/2
  1174 | D:2      | Reached skill level 6 in Axes
  1174 | D:2      | Reached XP level 4. HP: 34/39 MP: 3/3
  1189 | D:2      | Noticed Robin
  1198 | D:2      | Killed Robin
  1546 | D:3      | Reached *** piety under Trog
  1551 | D:3      | Reached XP level 5. HP: 33/45 MP: 4/4
  1556 | D:3      | Reached skill level 7 in Axes
  1957 | D:3      | Reached skill level 8 in Axes
  1963 | D:3      | Reached XP level 6. HP: 18/51 MP: 5/5
  2537 | D:3      | Reached skill level 9 in Axes
  2540 | D:3      | Found an ornate altar of the Wu Jian Council.
  2603 | D:3      | Reached **** piety under Trog
  2823 | D:4      | Reached XP level 7. HP: 38/57 MP: 6/6
  2948 | D:4      | Found a staircase to the Ecumenical Temple.
  2957 | Temple   | Entered the Ecumenical Temple
  3272 | D:4      | Reached skill level 10 in Axes
  3344 | D:4      | Found a transporter.
  3358 | D:4      | Found a transporter.
  4114 | D:5      | Entered Level 5 of the Dungeon
  4192 | D:5      | Reached skill level 11 in Axes
  4326 | D:5      | Reached XP level 8. HP: 64/64 MP: 7/7
  4639 | D:6      | Reached skill level 12 in Axes
  4709 | D:6      | Received a gift from Trog
  4788 | D:6      | Reached ***** piety under Trog
  4933 | D:6      | Noticed Prince Ribbit
  4972 | D:6      | Killed Prince Ribbit
  4972 | D:6      | Reached skill level 13 in Axes
  5077 | D:6      | Reached XP level 9. HP: 56/70 MP: 8/8
  5078 | D:6      | Noticed Sigmund
  5097 | D:6      | Killed Sigmund
  5097 | D:6      | Reached skill level 5 in Armour
  5325 | D:7      | Found Kyzxyeko's Gadget Shoppe.
  5678 | D:7      | Got a bloodstained great mace
  5787 | D:7      | Reached skill level 14 in Axes
  6334 | D:8      | Killed an unseen horror
  6834 | D:8      | Reached XP level 10. HP: 71/77 MP: 9/9
  7373 | D:9      | Found a staircase to the Orcish Mines.
  7376 | D:9      | Noticed Erica
  7404 | D:9      | Killed Erica
  7404 | D:9      | Reached skill level 15 in Axes
  7404 | D:9      | Reached skill level 10 in Armour
  7467 | D:9      | Found a roughly hewn altar of Beogh.
  7642 | D:9      | Received a gift from Trog
  7724 | D:9      | Found Zuluus's Gadget Boutique.
  7725 | D:9      | Noticed a two-headed ogre
  7787 | D:9      | Killed a two-headed ogre
  7878 | D:9      | Found a staircase to the Lair.
  7983 | D:10     | Entered Level 10 of the Dungeon
  7983 | D:10     | Found Nuoperch's Gadget Shop.
  8029 | D:10     | Found Eteid's Food Shoppe.
  8169 | D:10     | Noticed a centaur warrior
  8179 | D:10     | Killed a centaur warrior
  8179 | D:10     | Reached XP level 11. HP: 78/82 MP: 10/10
  8239 | D:10     | Reached skill level 16 in Axes
  8488 | D:10     | Noticed a tengu warrior
  8498 | D:10     | Noticed a two-headed ogre
  8520 | D:10     | Killed a tengu warrior
  8523 | D:10     | Killed an unseen horror
  8531 | D:10     | Killed a two-headed ogre
  8936 | D:10     | Found Epruluts's Distillery.
  9121 | D:11     | Noticed a white ugly thing
  9125 | D:11     | Noticed a purple ugly thing
  9138 | D:11     | Killed a purple ugly thing
  9152 | D:11     | Killed a white ugly thing
  9245 | D:11     | Noticed a two-headed ogre
  9257 | D:11     | Killed a two-headed ogre
  9257 | D:11     | Reached skill level 5 in Fighting
  9942 | D:12     | Reached skill level 17 in Axes
  9942 | D:12     | Reached XP level 12. HP: 61/96 MP: 11/11
  9949 | D:12     | Noticed a two-headed ogre
  9959 | D:12     | Killed a two-headed ogre
 10357 | D:12     | Received a gift from Trog
 11113 | D:13     | Found a frozen archway.
 11125 | IceCv    | Entered an ice cave
 11131 | IceCv    | Reached skill level 10 in Fighting
 11133 | IceCv    | Received a gift from Trog
 11147 | IceCv    | Found a transporter.
 11166 | IceCv    | Slain by a white ugly thing

Levels and vault maps discovered:
D:1:      nicolae_arrival_kraken_aquarium_b, layout_basic, minmay_tall_x
D:2:      layout_loops_ring, uniq_robin
D:3:      cheibrodos_helix_gallery, layout_loops_ring, marbit_many_paths,
          first_ration
D:4:      gammafunk_wand_slinger, layout_loops_ring,
          minmay_temple_entry_poolview
D:5:      layout_rooms, minivault_14
D:6:      layout_rooms, uniq_prince_ribbit1, uniq_sigmund
D:7:      layout_gridville, serial_shops, nicolae_shop_behind_doors
D:8:      layout_loops_ring
D:9:      layout_cave_pools, david_lair_shrubbed, minmay_orc_entry_temple_small,
          serial_shops, nicolae_shop_crystal, uniq_erica
D:10:     minmay_the_grid_octo_tiled_octocenter [minmay_the_grid_octo_focus,
          minmay_the_grid_octo_fat_diamond, minmay_the_grid_octo_checkered,
          minmay_the_grid_octo_77, minmay_the_grid_octo_prize_big_c,
          minmay_the_grid_square_5x5_tri_point, minmay_the_grid_square_5x5_six,
          minmay_the_grid_square_5x5_inner_z,
          minmay_the_grid_square_5x5_n_small], layout_loops_ring, serial_shops,
          kennysheep_mini_moat, nicolae_shop_window_shopping, shop
D:11:     lemuel_ice_statue, layout_stronghold, grunt_livestock,
          statue_in_the_mist_lemuel
D:12:     layout_rooms, serial_co_window_serial, co_window_corner_a,
          co_window_paths_b, co_window_paths_b, co_window_paths_a,
          co_window_corner_a, co_window_corner_a, co_window_corner_cb,
          co_window_unsneaky_path_d, co_window_broadway_a,
          co_window_of_opportunity_b, co_window_2corner, glass_columns_a,
          glass_columns_a, glass_columns_a, glass_columns_a, glass_columns_c
D:13:     layout_basic, portal_ice_cave_rime
Temple:   grunt_wide_crystal_templ
IceCv:    ice_cave_statue_garden_transporter

Skill      XL: |  1  2  3  4  5  6  7  8  9 10 11 12 |
---------------+-------------------------------------+-----
Axes           | 4 5 6 8 9 11 13 14 15 17 | 17.5
Armour         | 4 8 11 13 14 | 14.6
Fighting       | 6 10 | 10.3
Dodging        | |  2.1

Action                   |  1- 3 |  4- 6 |  7- 9 | 10-12 || total
-------------------------+-------+-------+-------+-------++-------
Melee: Hand axe          |   102 |   179 |   137 |       ||   418
       Headbutt          |    13 |    34 |    75 |   150 ||   272
       War axe           |       |       |   244 |   681 ||   925
Invok: Berserk           |       |     1 |     3 |     5 ||     9
       Trog's Hand       |       |       |     1 |     1 ||     2
       Brothers in Arms  |       |       |       |     2 ||     2
  Use: Potion            |     1 |       |     1 |     2 ||     4
       Scroll            |       |     9 |     2 |    10 ||    21
  Eat: Chunk             |     1 |     6 |    15 |    22 ||    44
       Ration            |       |       |     1 |     1 ||     2
Armor: Animal skin       |    13 |       |       |       ||    13
       Scale mail        |    27 |    86 |    39 |       ||   152
       Plate armour      |       |       |   165 |   271 ||   436
Dodge: Dodged            |    60 |    73 |    83 |   201 ||   417
       Deflected         |       |       |       |    11 ||    11
Block: Buckler           |       |    22 |    67 |   131 ||   220
